 Dungeon Crawl Stone Soup version 0.15.2 (webtiles) character file.

138 DaftWullie the Cutter (level 5, -2/49 HPs)
             Began as a Kobold Berserker on Dec 16, 2014.
             Was a Believer of Trog.
             Slain by a slave (8 damage)
             ... led by Pikel
             ... on Level 4 of the Dungeon.
             The game lasted 00:26:36 (2929 turns).

DaftWullie the Cutter (Kobold Berserker)            Turns: 2929, Time: 00:26:36

HP  -2/49        AC  4     Str 20      XL: 5   Next: 45%
MP   5/5         EV 15     Int  5      God: Trog [**....]
Gold 146         SH  0     Dex 17      Spells:  0 memorised,  4 levels left

rFire  x . .     SeeInvis .     a - +0 short sword
rCold  + . .     Clarity  .     g - +0 leather armour
rNeg   . . .     rCorr    .     (no shield)
rPois  .         rRot     .     j - +0 helmet
rElec  .         Spirit   .     (no cloak)
SustAb .         Warding  .     (no gloves)
rMut   .         Stasis   .     (no boots)
Gourm  .                        (no amulet)
MR     ++...                    q - ring of ice
                                v - cursed ring of loudness

@: berserking, regenerating, very quick, very resistant to hostile enchantments,
extremely unstealthy
A: carnivore 3
a: Burn Spellbooks, Berserk, Trog's Hand, Renounce Religion


You were on level 4 of the Dungeon.
You worshipped Trog.
Trog was pleased with you.
You were not hungry.

You visited 1 branch of the dungeon, and saw 4 of its levels.

You collected 146 gold pieces.

Inventory:

Hand weapons
 a - a +0 short sword (weapon)
 b - a +0 hunting sling
Missiles
 p - 78 stones (quivered)
 s - 45 sling bullets
Armour
 f - a +0 animal skin
 g - a +0 leather armour (worn)
 j - a +0 helmet (worn)
Magical devices
 t - a wand of flame (6)
Comestibles
 c - 2 meat rations
Scrolls
 d - 4 scrolls of identify {unknown}
 k - 2 scrolls of random uselessness {unknown}
 l - 2 scrolls of teleportation {unknown}
 m - a scroll of recharging {unknown}
 u - a scroll of enchant armour {unknown}
 w - a scroll of fear {unknown}
 y - a scroll of noise {unknown}
Jewellery
 o - an uncursed ring of fire
 q - a ring of ice (right hand)
 v - a cursed ring of loudness (left hand)
Potions
 e - a potion of curing {unknown}
 h - a potion of resistance {unknown}
 i - a potion of cancellation {unknown}
 n - a potion of degeneration {unknown}
 r - a potion of poison {unknown}
 x - 2 potions of mutation {unknown}
 z - a potion of berserk rage {unknown}
 A - a potion of haste {unknown}
 B - a potion of magic {unknown}


   Skills:
 + Level 4.1 Fighting
 * Level 5.8 Short Blades
 + Level 0.3 Throwing
 - Level 1.5 Armour
 + Level 3.9 Dodging
 + Level 1.1 Stealth


You had 4 spell levels left.
You didn't know any spells.

Dungeon Overview and Level Annotations

Branches:
Dungeon (4/15)
 Temple: D:4-7

Altars:
Kikubaaqudgha
Okawaru
Vehumet
Zin

Annotations:
D:4 Pikel


Innate Abilities, Weirdness & Mutations

You are small and have problems with some larger weapons.
You are carnivorous and can eat meat at any time.


Message History

You closely miss Pikel.
Pikel is lightly wounded.
The orc shouts!
The slave hits you!
* * * LOW HITPOINT WARNING * * *
You hit Pikel.
Pikel is moderately wounded.
Pikel closely misses you. The slave closely misses you.
You slash Pikel!
Pikel is heavily wounded.
The slave hits you but does no damage.
You hit Pikel.
Pikel is heavily wounded.
The slave closely misses you.
Pikel hits you with a whip of electrocution.
* * * LOW HITPOINT WARNING * * *
You hit Pikel but do no damage.
Pikel is heavily wounded.
The slave hits you!
You die...

###### .....#
.....######################.o..
.....p.K.........p....o....o...
...p.#########..@poo.o#####....
.##### #....K.....#### .#
#............?# .#
##........###.## .##
######.#####..###### ..#####
#.###.......... ..p...#
####.##..####.#### ......#
#####.......## #.....
......######.Kp..##.#### ######


You could see Pikel, 2 slaves, an orc priest and 3 orcs.

Vanquished Creatures
  2 slaves (D:4)
  6 adders
  A giant mite (D:4)
  A worm (D:4)
  An orc skeleton (D:4)
  A giant gecko (D:2)
  3 oozes
  3 giant cockroaches
  6 goblins
  8 hobgoblins
  7 jackals
  4 kobolds
  A quokka (D:3)
  2 ball pythons
  10 bats
  9 rats
65 creatures vanquished.

Notes
Turn   | Place    | Note
--------------------------------------------------------------
     0 | D:1      | DaftWullie, the Kobold Berserker, began the quest for the Orb.
     0 | D:1      | Reached XP level 1. HP: 14/14 MP: 1/1
   300 | D:1      | Reached XP level 2. HP: 17/19 MP: 2/2
   586 | D:1      | Reached XP level 3. HP: 14/23 MP: 3/3
   832 | D:1      | Reached skill level 5 in Short Blades
  1053 | D:2      | Reached XP level 4. HP: 19/29 MP: 4/4
  1463 | D:2      | Acquired Trog's second power
  1779 | D:3      | Found a glowing silver altar of Zin.
  1938 | D:3      | Reached XP level 5. HP: 33/33 MP: 5/5
  1956 | D:3      | Found an ancient bone altar of Kikubaaqudgha.
  2020 | D:3      | Reached skill level 1 in Stealth
  2153 | D:3      | Found an iron altar of Okawaru.
  2158 | D:3      | Found a radiant altar of Vehumet.
  2380 | D:3      | Found a radiant altar of Vehumet.
  2613 | D:4      | Noticed a slave
  2614 | D:4      | Noticed a slave
  2641 | D:4      | Killed a slave
  2648 | D:4      | Killed a slave
  2730 | D:4      | Noticed a slave
  2875 | D:4      | Noticed a slave
  2877 | D:4      | Noticed Pikel
  2929 | D:4      | Slain by a slave

Action                   |  1- 3 |  4- 6 || total
-------------------------+-------+-------++-------
Melee: Short sword       |    98 |   182 ||   280
Throw: Stone             |       |     5 ||     5
Invok: Berserk           |     2 |     4 ||     6
       Trog's Hand       |       |     2 ||     2
       Burn Spellbooks   |       |     1 ||     1
 Stab: Sleeping          |     1 |     1 ||     2
  Eat: Chunk             |    10 |     6 ||    16
